 Dungeon Crawl Stone Soup version 0.30-a0-305-g026cb31310 (webtiles) character file.

Game seed: 5429798523376786172

294168 KennySheep the Scorcher (level 19, -24/138 HPs)
             Began as a Demigod Conjurer on Oct 21, 2022.
             Annihilated by Sojobo
             ... wielding a +1 great sword of electrocution
              (25 damage)
             ... on level 1 of the Depths on Oct 23, 2022.
             The game lasted 05:05:00 (54584 turns).

KennySheep the Scorcher (Demigod Conjurer)         Turns: 54584, Time: 05:05:01

Health: -24/138    AC: 19    Str:  8    XL:     19   Next: 26%
Magic:  28/46      EV: 14    Int: 56    God:
Gold:   1624       SH:  0    Dex: 12    Spells: 5/42 levels left

rFire   . . .      SeeInvis +    a - +6 Majin-Bo {vamp, MP+6 Int+6}
rCold   . . .      Faith    .    (shield currently unavailable)
rNeg    . . .      Spirit   .    V - +5 steam dragon scales
rPois   .          Reflect  .    M - +1 helmet
rElec   +          Harm     .    k - +2 cloak
rCorr   .          Rampage  .    I - +0 pair of gloves
Will    +....                    j - +2 pair of boots
Stlth   ++........               p - amulet of magic regeneration
HPRegen 0.43/turn                f - +6 ring of intelligence
MPRegen 0.70/turn                O - ring "Rafoyda" {rElec SInv}

@: studying Shields
A: high MP 1, forlorn, divine attributes, frail 1
}: 2/15 runes: barnacled, gossamer
a: no special abilities


You were on level 1 of the Depths.
You visited 8 branches of the dungeon, and saw 35 of its levels.
You visited the Abyss 1 time.
You also visited: Ossuary, Gauntlet and Volcano.

You collected 4241 gold pieces.
You spent 2617 gold pieces at shops.

Inventory:

Hand Weapons
 a - the +6 Majin-Bo (weapon) {vamp, MP+6 Int+6}
   (You acquired it on level 3 of the Shoals)

   It heals its wielder for a portion of the damage dealt when they wound a
   living foe with it or with a spell.
   Its wielder's spells cost health as well as magical power.
   Int:       It affects your intelligence (+6).
   MP:        It affects your magic capacity (+6).
Armour
 j - a +2 pair of boots (worn)
 k - a +2 cloak (worn)
 I - a +0 pair of gloves (worn)
 M - a +1 helmet (worn)
 V - +5 steam dragon scales (worn)
Magical Staves
 b - a staff of conjuration
Jewellery
 f - a +6 ring of intelligence (left hand)
 l - the ring of Lufath {rF+ EV+4}
   (You found it in a Gauntlet)

   [ring of evasion]

   EV:        It affects your evasion (+4).
   rF:        It protects you from fire.
 p - an amulet of magic regeneration (around neck)
 u - a ring of willpower
 J - a ring of poison resistance
 O - the ring "Rafoyda" (right hand) {rElec SInv}
   (You took it off a deep elf master archer on level 3 of the Elven Halls)

   [ring of see invisible]

   rElec:     It insulates you from electricity.
   SInv:      It lets you see invisible.
 S - a ring of protection from fire
Wands
 n - a wand of mindburst (15)
 v - a wand of iceblast (9)
 w - a wand of polymorph (27)
 x - a wand of quicksilver (4)
 B - a wand of flame (62)
 D - a wand of charming (15)
 L - a wand of digging (10)
Scrolls
 g - 9 scrolls of teleportation
 h - 2 scrolls of enchant armour
 o - 8 scrolls of enchant weapon
 r - a scroll of magic mapping
 t - 3 scrolls of amnesia
 z - 4 scrolls of blinking
 K - 3 scrolls of poison
 N - 2 scrolls of silence
 Q - 25 scrolls of identify
 W - 7 scrolls of fog
Potions
 d - 2 potions of resistance
 e - 10 potions of might
 i - 7 potions of mutation
 m - 10 potions of curing
 q - 7 potions of flight
 s - 7 potions of lignification
 A - 4 potions of ambrosia
 C - a potion of heal wounds
 T - 3 potions of haste
 X - 5 potions of cancellation
 Z - 2 potions of berserk rage
Miscellaneous
 c - a phantom mirror
 F - a lightning rod (4/4)
 H - a box of beasts (inert)


   Skills:
 - Level 9.8 Fighting
 - Level 2.0(5.4) Polearms
 - Level 8.0(8.1) Staves
 - Level 6.4 Dodging
 - Level 3.2 Stealth
 - Level 0.1 Shields
 - Level 12.2 Spellcasting
 + Level 17.0 Conjurations
 - Level 4.1 Translocations
 - Level 19.2 Fire Magic
 * Level 10.4 Air Magic
 - Level 7.3 Evocations


You had 5 spell levels left.
You knew the following spells:

 Your Spells              Type           Power      Damage    Failure   Level
a - Irradiate             Conj/Tmut      46%        3d27      1%          5
c - Iskenderun's Mystic   Conj/Tloc      100%       2d19      1%          4
d - Fireball              Conj/Fire      63%        3d24      0%          5
f - Starburst             Conj/Fire      63%        6d17      1%          6
g - Chain Lightning       Conj/Air       56%        3d74      86%         9
z - Ignition              Fire           64%        3d17      1%          8

Your spell library contained the following spells:

 Spells                   Type           Power      Damage    Failure   Level
 Foxfire                  Conj/Fire      100%       2x1d9     0%          1
 Kiss of Death            Conj/Necr      100%       2d13      0%          1
 Magic Dart               Conj           100%       1d8       0%          1
 Searing Ray              Conj           100%       2d8       0%          2
 Kindle Blastsparks       Fire/Tloc/Air  100%       2d18      0%          3
 Apportation              Tloc           100%       N/A       1%          1
 Beastly Appendage        Tmut           68%        N/A       1%          1
 Sandblast                Erth           68%        2d15      1%          1
 Sting                    Tmut/Pois      100%       1d8       1%          1
 Cigotuvi's Dreadful Rot  Necr/Pois/Air  100%       N/A       1%          2
 Passwall                 Tmut/Erth      28%        N/A       1%          2
 Poisonous Vapours        Pois/Air       100%       N/A       1%          2
 Sublimation of Blood     Necr           34%        N/A       1%          2
 Wereblood                Tmut           34%        N/A       1%          2
 Confusing Touch          Hex            34%        N/A       1%          3
 Dazzling Flash           Conj/Hex       100%       N/A       1%          3
 Frozen Ramparts          Ice            68%        1d11      1%          3
 Gell's Gravitas          Tloc           68%        N/A       1%          3
 Ignite Poison            Fire/Tmut/Pois 82%        N/A       1%          3
 Mephitic Cloud           Conj/Pois/Air  95%        N/A       1%          3
 Ozocubu's Armour         Ice            34%        N/A       1%          3
 Portal Projectile        Hex/Tloc       100%       N/A       1%          3
 Spider Form              Tmut/Pois      34%        N/A       1%          3
 Stone Arrow              Conj/Erth      100%       3d13      1%          3
 Teleport Other           Tloc           68%        N/A       1%          3
 Tukima's Dance           Hex            34%        N/A       1%          3
 Fulminant Prism          Conj/Hex       46%        3d21      1%          4
 Freezing Cloud           Conj/Ice/Air   47%        6-21      1%          5
 Anguish                  Hex/Necr       17%        N/A       4%          4
 Animate Dead             Necr           34%        N/A       4%          4
 Cause Fear               Hex            17%        N/A       4%          4
 Dispel Undead            Necr           34%        3d15      4%          4
 Ice Form                 Ice/Tmut       34%        N/A       4%          4
 Olgreb's Toxic Radiance  Pois           34%        N/A       4%          4
 Petrify                  Tmut/Erth      34%        N/A       4%          4
 Summon Ice Beast         Ice/Summ       34%        N/A       4%          4
 Summon Forest            Summ/Tloc      27%        N/A       5%          5
 Alistair's Intoxication  Tmut/Pois      22%        N/A       13%         5
 Blade Hands              Tmut           17%        N/A       13%         5
 Dispersal                Tloc           34%        N/A       14%         6
 Storm Form               Tmut/Air       37%        N/A       43%         7
 Death Channel            Necr           17%        N/A       58%         6
 Simulacrum               Ice/Necr       17%        N/A       58%         6
 Malign Gateway           Summ/Tloc      27%        N/A       86%         7
 Dragon Form              Tmut           17%        N/A       99%         7
 Haunt                    Necr/Summ      17%        N/A       99%         7
 Ozocubu's Refrigeration  Ice            17%        4d11      99%         7
 Borgnjor's Revivificati  Necr           17%        N/A       100%        8
 Discord                  Hex            17%        N/A       100%        8
 Infestation              Necr           17%        N/A       100%        8
 Necromutation            Tmut/Necr      17%        N/A       100%        8
 Summon Horrible Things   Summ           17%        N/A       100%        8
 Death's Door             Necr           17%        N/A       100%        9
 Dragon's Call            Summ           17%        N/A       100%        9
 Polar Vortex             Ice            17%        N/A       100%        9


Dungeon Overview and Level Annotations

Branches:
Dungeon (15/15)            Temple (0/1) D:5            Lair (5/5) D:9
 Shoals (4/4) Lair:3       Spider (4/4) Lair:3        Slime (0/5) Lair:5
    Orc (2/2) D:11            Elf (3/3) Orc:2        Vaults (1/5) D:13
 Depths (1/4) D:15        Ossuary (visited)         Volcano (visited)
Gauntlet (visited)

Shops:
D:4 (   Orc:2 =!(:!   Elf:2 (   Elf:3 (   Shoals:3 !   Shoals:4 *[

Portals:
Hell: Depths:1
Ziggurat: Depths:1
Trove: D:13 (give 11 potions of heal wounds)

Annotations:
D:5 2 runed translucent doors, Crazy Yiuf; glaedl's ghost, amateur OpFE
Elf:2 3 runed translucent doors
Depths:1 Sojobo


Innate Abilities, Weirdness & Mutations

You have an increased reservoir of magic. (+10% MP)
You shall have no god before yourself.
Your divine heritage dramatically boosts your attributes as you level up.
You are frail. (-10% HP)


Message History

Sojobo pecks you but does no damage. Sojobo claws you but does no damage.
The tengu reaver points at you and mumbles some strange words.
The bolt of lightning misses you.
Your juvenile stingweird beast misses Sojobo.
Sojobo attacks as you move away!
Sojobo hits you with a +1 great sword of electrocution!
Sojobo pecks you but does no damage. Sojobo claws you!
You feel very sick.
Sojobo waves her feathered arms in wide circles.
The air twists around and strikes you!!
Your juvenile stingweird beast barely misses Sojobo.
Casting: Starburst (safe; 1% risk of failure)
Confirm with . or Enter, or press ? or * to list all spells.
Casting: Starburst (safe; 1% risk of failure)
Press: ? - help, Dir - look around, f - activate
Okay, then.
You feel a darkness envelop your magic.
a - the +6 Majin-Bo (weapon)
{vamp, MP+6 Int+6} You feel sick.
The tengu reaver gestures at you while chanting.
The bolt of poison hits you!!!
You are more poisoned.
* * * LOW HITPOINT WARNING * * *
You feel better.
Your juvenile stingweird beast barely misses Sojobo.
The tengu reaver gestures at you while chanting.
The bolt of acid misses you.
Sojobo hits you with a +1 great sword of electrocution!!
* * * LOW HITPOINT WARNING * * *
Sojobo closely misses you. Sojobo misses you.
Casting: Starburst (safe; 1% risk of failure)
Confirm with . or Enter, or press ? or * to list all spells.
Casting: Starburst (safe; 1% risk of failure)
Press: ? - help, Dir - look around, f - activate The bolt of fire misses Sojobo.
The bolt of fire misses the tengu reaver.
* * * LOW HITPOINT WARNING * * *
Your juvenile stingweird beast stings Sojobo from afar.
Sojobo hits you with a +1 great sword of electrocution!!
You die...

### ... #.# ^..... ... ##
#.##.....# #^#
####.#......## ###.#
####.#...........
...##...##.).....Q.......
...#.....#........Q....#
...##^..............#
#'#.##..........@Q.#
#.##∩#.............##
#'####......##....#H#
...'.#......##..#####
#'####......#...#
...'.#..#.#..####
####'#...##### ..).)#..##
#'####..#


You could see Sojobo (repels missiles, ally target), 2 tengu reavers and a
friendly juvenile stingweird beast (summoned).

Vanquished Creatures
  Rupert (Lair:4)
  A lich (Abyss:3)
  2 deep elf master archers (Elf:3)
  2 deep elf blademasters (Elf:3)
  A tentacled starspawn (Abyss:2)
  Frances (Shoals:1)
  2 frost giants (Depths:1)
  3 deep elf sorcerers (Elf:3)
  6 ghost moths
  An iron dragon (Depths:1)
  Aizul (Shoals:1)
  An emperor scorpion (Spider:4)
  Louise (D:15)
  A shard shrike simulacrum (Abyss:2)
  5 deep elf elementalists (Elf:3)
  3 stone giants (Depths:1)
  4 broodmothers
  Nessos (Lair:4)
  4 deep elf demonologists
  9 spark wasps
  A minotaur (Gauntlet)
  2 dire elephants (Lair:5)
  5 deep elf annihilators (Elf:3)
  3 ettins
  5 merfolk impalers
  2 deep elf death magi (Elf:3)
  Josephine (D:15)
  4 entropy weavers
  3 fire dragons
  A great orb of eyes (Abyss:2)
  4 deep elf high priests
  2 merfolk javelineers (Shoals:4)
  A rakshasa (Abyss:3)
  3 merfolk avatars
  2 ogre magi (Orc:2)
  4 vault guards (D:13)
  A spriggan skeleton (Abyss:2)
  9 boulder beetles
  10 merfolk aquamancers
  2 spriggan air magi (Depths:1)
  2 radroaches
  Erica (Orc:1)
  3 catoblepae
  2 jorogumos
  9 hydras
  7 centaur warriors
  An alligator snapping turtle (Shoals:3)
  2 satyrs (Shoals:4)
  5 two-headed ogres
  A death knight (D:12)
  18 dancing weapons
  4 tengu warriors
  2 spriggan berserkers (Depths:1)
  7 hell knights
  2 thrashing horrors (Abyss:3)
  An orc high priest (Orc:1)
  A wretched star (Abyss:3)
  13 deep elf knights
  A spriggan (Depths:1)
  5 sun demons (Volcano)
  8 pharaoh ants
  A salamander mystic (Depths:1)
  3 steelbarb worms
  4 large abominations
  A skeletal warrior (D:11)
  A sun moth (Spider:4)
  A deep troll (D:15)
  2 lindwurms (Lair:5)
  4 sea snakes
  9 orb spiders
  14 deep elf archers
  2 wizards
  A necromancer (D:15)
  25 deep elf pyromancers
  14 harpies
  4 orc knights
  27 deep elf zephyrmancers
  An oklob plant (Lair:5)
  7 ugly things
  13 orc sorcerers
  10 fauns
  28 wolf spiders
  14 manticores
  14 elephants
  A worldbinder (Abyss:3)
  2 salamanders (Depths:1)
  3 water nymphs
  4 cyclopes
  6 black mambas
  3 merfolk sirens
  3 smoke demons (Volcano)
  2 torpor snails
  3 gargoyles
  A cane toad (shapeshifter) (Elf:1)
  13 cane toads
  An unseen horror (D:11)
  4 rime drakes
  A kobold demonologist (D:12)
  7 komodo dragons
  2 yaktaurs
  2 efreet
  A tengu conjurer (D:13)
  An ancient zyme (Abyss:2)
  22 merfolk
  4 demonic crawlers
  A freezing wraith (D:14)
  A wind drake (shapeshifter) (D:15)
  7 trolls
  25 tarantellas
  2 polar bears
  A queen bee (Gauntlet)
  A tarantella (shapeshifter) (Elf:2)
  5 dream sheep (Lair:5)
  4 wind drakes
  6 raiju (Abyss:3)
  9 hornets
  27 blink frogs
  19 slime creatures
  13 snapping turtles
  27 jumping spiders
  5 starcursed masses (Abyss:2)
  4 shadows
  An air elemental (Elf:2)
  6 wyverns
  A ynoxinul (Abyss:2)
  A vampire (D:13)
  28 culicivoras
  11 water elementals
  2 fire elementals (Elf:1)
  8 wraiths
  A basilisk (shapeshifter) (D:15)
  A fire bat (Abyss:3)
  Grum (D:9)
  56 yaks
  A golden eye (shapeshifter) (Abyss:2)
  67 redbacks
  10 basilisks
  A neqoxec (Abyss:2)
  6 steam dragons (Volcano)
  16 vampire mosquitoes
  Menkaure (D:5)
  6 wargs
  4 hell hounds (Volcano)
  12 water moccasins
  2 sky beasts
  6 black bears
  8 ogres
  22 wolves
  28 orc warriors
  11 centaurs
  3 kobold brigands (D:8)
  17 bullfrogs
  3 earth elementals
  A necrophage (D:6)
  3 gnoll sergeants
  4 scorpions
  9 wights
  3 small abominations (Abyss:2)
  12 killer bees
  5 howler monkeys
  5 electric eels
  2 hounds
  3 gnoll boudas
  3 iguanas
  12 orc priests
  33 orc wizards
  7 hell rats
  13 mummies (Ossuary)
  25 gnolls
  6 adders
  4 white imps
  2 ufetubi
  A worm zombie (D:4)
  3 worms
  91 orcs
  3 ball pythons (D:2)
  17 bats
  10 endoplasms
  3 giant cockroaches
  5 goblins
  9 hobgoblins
  5 jackals
  26 kobolds
  3 quokkas
  4 frilled lizards
  2 gnoll skeletons (Ossuary)
  A goblin skeleton (Ossuary)
  3 kobold skeletons (Ossuary)
  A kobold zombie (D:4)
  2 orc skeletons (Ossuary)
  2 rats
  11 rat skeletons (Ossuary)
1348 creatures vanquished.

Vanquished Creatures (collateral kills)
  An emperor scorpion (Spider:1)
  A ghost moth (Spider:3)
  A hell hound (Gauntlet)
  A foxfire (D:4)
4 creatures vanquished.

Vanquished Creatures (others)
  A balrug (Gauntlet)
  A merfolk aquamancer (Shoals:4)
  A wolf spider (Spider:4)
  An orc priest (Orc:2)
  67 foxfires
  39 fungi
  248 plants
  2 starspawn tentacles (Abyss:2)
360 creatures vanquished.

Grand Total: 1712 creatures vanquished

Notes
Turn   | Place    | Note
-------+----------+-------------------------------------------
     0 | D:1      | KennySheep the Demigod Conjurer began the quest for the
                  | Orb.
     0 | D:1      | Reached XP level 1. HP: 14/14 MP: 5/5
   447 | D:1      | Reached XP level 2. HP: 20/20 MP: 5/7
   525 | D:1      | Reached skill level 1 in Translocations
  1095 | D:2      | Reached XP level 3. HP: 26/26 MP: 5/8
  1164 | D:2      | Learned a level 2 spell: Searing Ray
  1606 | D:2      | Learned a level 1 spell: Foxfire
  1847 | D:2      | Reached XP level 4. HP: 33/33 MP: 6/10
  2438 | D:3      | Got the Discourse on Meteoric Moulding
  3036 | D:4      | Reached XP level 5. HP: 38/38 MP: 6/11
  3042 | D:4      | Learned a level 5 spell: Fireball
  3104 | D:4      | Found a sand-covered staircase.
  3125 | Ossuary  | Entered an ossuary
  3418 | Ossuary  | Reached skill level 5 in Conjurations
  3418 | Ossuary  | Reached skill level 1 in Fire Magic
  3779 | Ossuary  | Reached XP level 6. HP: 45/45 MP: 9/13
  4327 | D:4      | Found Fauhon's Weapon Shoppe.
  4452 | D:4      | Reached skill level 2 in Fire Magic
  4965 | D:5      | Entered Level 5 of the Dungeon
  4965 | D:5      | Noticed Menkaure
  5175 | D:5      | Reached skill level 3 in Fire Magic
  5175 | D:5      | Reached XP level 7. HP: 50/50 MP: 5/15
  5252 | D:5      | Found a runed translucent door.
  5253 | D:5      | Noticed Crazy Yiuf
  5390 | D:5      | Found a runed translucent door.
  5390 | D:5      | Noticed a yak
  5390 | D:5      | Noticed glaedl's ghost (amateur OpFE)
  5396 | D:5      | Killed Menkaure
  5552 | D:5      | Found a staircase to the Ecumenical Temple.
  5682 | D:5      | Learned a level 4 spell: Iskenderun's Mystic Blast
  5709 | D:5      | Reached skill level 4 in Fire Magic
  6204 | D:6      | Reached XP level 8. HP: 57/57 MP: 9/18
  6783 | D:6      | Reached skill level 5 in Fire Magic
  7150 | D:7      | Reached skill level 5 in Spellcasting
  7911 | D:7      | Reached XP level 9. HP: 62/62 MP: 2/21
  8294 | D:8      | Reached skill level 6 in Fire Magic
  8301 | D:8      | Learned a level 6 spell: Starburst
  8364 | D:8      | Noticed a two-headed ogre
  8373 | D:8      | Killed a two-headed ogre
  8374 | D:8      | Reached skill level 1 in Fighting
  9087 | D:9      | Found a staircase to the Lair.
  9095 | D:9      | Reached skill level 7 in Fire Magic
  9096 | D:9      | Reached XP level 10. HP: 38/74 MP: 19/23
  9743 | D:9      | Identified the +1 leather armour of the Armadillo {Stlth+}
 10211 | D:9      | Reached skill level 8 in Fire Magic
 10414 | D:9      | Noticed Grum
 10416 | D:9      | Killed Grum
 10501 | D:10     | Entered Level 10 of the Dungeon
 11589 | D:11     | Noticed a cyclops
 11598 | D:11     | Noticed a two-headed ogre
 11599 | D:11     | Killed a cyclops
 11600 | D:11     | Reached skill level 10 in Conjurations
 11601 | D:11     | Killed a two-headed ogre
 11602 | D:11     | Reached XP level 11. HP: 56/84 MP: 8/25
 11943 | D:11     | Reached skill level 9 in Fire Magic
 11945 | D:11     | Noticed a boulder beetle
 12001 | Lair:1   | Entered Level 1 of the Lair of Beasts
 13113 | Lair:2   | Noticed a seven-headed hydra
 13116 | Lair:2   | Killed a seven-headed hydra
 13117 | Lair:2   | Reached skill level 5 in Fighting
 13141 | Lair:2   | Reached skill level 10 in Fire Magic
 13362 | Lair:2   | Identified the +1 scale mail of Elyvilon's Displeasure
                  | {Dex+3 SInv}
 13374 | Lair:2   | Noticed a seven-headed hydra
 13470 | Lair:2   | Found a dark tunnel.
 13482 | Volcano  | Entered a volcano
 13682 | Volcano  | Noticed a sun demon
 13686 | Volcano  | Killed a sun demon
 13687 | Volcano  | Reached XP level 12. HP: 95/95 MP: 11/28
 14430 | Volcano  | Noticed a fire dragon
 14470 | Volcano  | Reached skill level 10 in Spellcasting
 14470 | Volcano  | Reached XP level 13. HP: 102/102 MP: 32/32
 14659 | Volcano  | Reached skill level 11 in Fire Magic
 16065 | Lair:3   | Found a hole to the Spider Nest.
 16302 | Lair:3   | Found a staircase to the Shoals.
 16549 | Lair:3   | Reached skill level 12 in Fire Magic
 17012 | Lair:4   | Noticed Rupert
 17013 | Lair:4   | Noticed Nessos
 17016 | Lair:4   | Killed Nessos
 17029 | Lair:4   | Killed Rupert
 17030 | Lair:4   | Reached XP level 14. HP: 103/113 MP: 5/33
 18395 | Lair:5   | Entered Level 5 of the Lair of Beasts
 19574 | Lair:5   | Found a staircase to the Slime Pits.
 19760 | Lair:5   | Reached skill level 13 in Fire Magic
 20668 | Lair:5   | Identified the amulet "Vosaulo" {Spirit Harm Int+3 Stlth+}
 21700 | D:11     | Reached skill level 1 in Staves
 21700 | D:11     | Reached skill level 1 in Evocations
 22113 | D:11     | Found a staircase to the Orcish Mines.
 22481 | Orc:1    | Entered Level 1 of the Orcish Mines
 22485 | Orc:1    | Noticed Erica
 22488 | Orc:1    | Killed Erica
 23252 | Orc:2    | Entered Level 2 of the Orcish Mines
 23264 | Orc:2    | Reached XP level 15. HP: 96/123 MP: 15/35
 23900 | Orc:2    | Found a staircase to the Elven Halls.
 23905 | Orc:2    | Found Pukicven's Distillery.
 23921 | Orc:2    | Bought a potion of heal wounds for 65 gold pieces
 23921 | Orc:2    | Bought a potion of haste for 130 gold pieces
 23921 | Orc:2    | Bought a potion of mutation for 104 gold pieces
 23926 | Orc:2    | Bought a potion of curing for 39 gold pieces
 23926 | Orc:2    | Bought a potion of curing for 39 gold pieces
 24283 | Orc:2    | Paralysed by an orc sorcerer for 4 turns
 24335 | Orc:2    | Found Zyhyin's Book Shop.
 24510 | Orc:2    | Found Viabrogyo's Distillery.
 24517 | Orc:2    | Found Zurenim's Jewellery Shop.
 24529 | Orc:2    | Bought the ring of Wonare {rF+ rN+ Int-4 Slay+2} for 544
                  | gold pieces
 24603 | Orc:2    | Found Rusmaph's Antique Weapon Boutique.
 25933 | D:12     | Identified the ring of the Mashing Gods {rC- MP+9 Str+6}
 27002 | D:13     | Found a gate to the Vaults.
 27004 | D:13     | Reached skill level 5 in Dodging
 27749 | D:13     | Found a portal to a secret trove of treasure.
 28401 | D:14     | Reached skill level 5 in Staves
 28401 | D:14     | Reached skill level 5 in Evocations
 29414 | D:15     | Entered Level 15 of the Dungeon
 29428 | D:15     | Found a gate leading to a gauntlet.
 29444 | Gauntlet | Entered a Gauntlet
 29444 | Gauntlet | Found a large runed translucent door.
 29444 | Gauntlet | Found a large runed translucent door.
 29444 | Gauntlet | Found a large runed translucent door.
 29444 | Gauntlet | Found a large runed translucent door.
 29444 | Gauntlet | Found a large runed translucent door.
 29444 | Gauntlet | Found a large runed translucent door.
 29444 | Gauntlet | Found a large runed translucent door.
 29444 | Gauntlet | Found a large runed translucent door.
 29444 | Gauntlet | Found a runed translucent door.
 29444 | Gauntlet | Found a runed translucent gate.
 29444 | Gauntlet | Found a transporter.
 29444 | Gauntlet | Found a transporter.
 29444 | Gauntlet | Found a runed translucent gate.
 29444 | Gauntlet | Found a transporter.
 29448 | Gauntlet | Found a transporter.
 29448 | Gauntlet | Found a transporter.
 29458 | Gauntlet | Found a transporter.
 29462 | Gauntlet | Found a transporter.
 29472 | Gauntlet | Found a transporter.
 29515 | Gauntlet | Found a transporter.
 29545 | Gauntlet | Found a runed translucent door.
 29546 | Gauntlet | Found a large runed translucent door.
 29546 | Gauntlet | Found a large runed translucent door.
 29546 | Gauntlet | Found a large runed translucent door.
 29546 | Gauntlet | Found a large runed translucent door.
 29547 | Gauntlet | Found a large runed translucent door.
 29547 | Gauntlet | Found a large runed translucent door.
 29548 | Gauntlet | Found a large runed translucent door.
 29548 | Gauntlet | Found a large runed translucent door.
 29557 | Gauntlet | Found a runed translucent gate.
 29573 | Gauntlet | Found a transporter.
 29577 | Gauntlet | Found a transporter.
 29587 | Gauntlet | Found a transporter.
 29718 | Gauntlet | Identified the ring of Lufath {rF+ EV+4}
 29732 | Gauntlet | Identified the +2 cloak of Sinen {-Tele rN++}
 29891 | Gauntlet | Identified the +1 ring mail of the Valley {rF+}
 29892 | Gauntlet | Got Peiss's Catalogue of Charged Transmogrification
 29892 | Gauntlet | Got the Atlas of Transformed Creation
 29950 | D:15     | Noticed Louise
 29955 | D:15     | Killed Louise
 30186 | D:15     | Noticed Josephine
 30551 | D:15     | Killed Josephine
 30564 | D:15     | Reached XP level 16. HP: 132/132 MP: 10/37
 30834 | D:15     | Found a staircase to the Depths.
 30887 | D:15     | Learned a level 8 spell: Ignition
 31114 | Depths:1 | Entered Level 1 of the Depths
 31343 | Elf:1    | Entered Level 1 of the Elven Halls
 31350 | Elf:1    | Reached skill level 14 in Fire Magic
 31681 | Elf:1    | HP: 6/132 [something/shard of ice (53)]
 33231 | Elf:1    | Reached skill level 15 in Fire Magic
 33580 | Elf:2    | Found Talo Dau's Weapon Boutique.
 34058 | Spider:1 | Entered Level 1 of the Spider Nest
 34252 | Spider:1 | Learned a level 9 spell: Chain Lightning
 35809 | Spider:1 | Reached skill level 16 in Fire Magic
 37602 | Spider:2 | Reached XP level 17. HP: 138/138 MP: 27/38
 37983 | Shoals:1 | Entered Level 1 of the Shoals
 37983 | Shoals:1 | Noticed Frances
 37987 | Shoals:1 | Killed Frances
 37988 | Shoals:1 | Reached skill level 17 in Fire Magic
 38814 | Elf:2    | Found a runed translucent gate.
 38814 | Elf:2    | Found a runed translucent gate.
 38815 | Elf:2    | Found a runed translucent gate.
 39073 | Elf:3    | Entered Level 3 of the Elven Halls
 39074 | Elf:3    | Paralysed by an air elemental for 1 turns
 39078 | Elf:3    | Paralysed by an air elemental for 1 turns
 39083 | Elf:2    | Paralysed by an air elemental for 1 turns
 39642 | Shoals:1 | Noticed Aizul
 39648 | Shoals:1 | Killed Aizul
 41346 | Spider:3 | Reached skill level 18 in Fire Magic
 41831 | Orc:2    | Bought a +6 ring of intelligence for 576 gold pieces
 41831 | Orc:2    | Bought a +6 ring of intelligence for 576 gold pieces
 42593 | Spider:4 | Entered Level 4 of the Spider Nest
 44669 | Shoals:1 | Reached skill level 19 in Fire Magic
 44907 | Shoals:1 | Reached skill level 1 in Air Magic
 45464 | Shoals:2 | You fall into a shaft and drop 1 floor!
 45571 | Shoals:3 | Identified a scroll of acquirement
 45579 | Shoals:3 | Reached skill level 15 in Conjurations
 45591 | Shoals:3 | Acquired the +6 Majin-Bo {vamp, MP+6 Int+6}
 45591 | Shoals:3 | Found the +6 Majin-Bo {vamp, MP+6 Int+6}
 46156 | Shoals:3 | Identified the +1 hat "Femin" {-Tele rC+ Str+4}
 46391 | Shoals:3 | Found Ucwecin's Distillery.
 46398 | Shoals:3 | Bought a potion of curing for 48 gold pieces
 46398 | Shoals:3 | Bought a potion of invisibility for 128 gold pieces
 46398 | Shoals:3 | Bought a potion of curing for 48 gold pieces
 46398 | Shoals:3 | Bought a potion of curing for 48 gold pieces
 46483 | Shoals:4 | Entered Level 4 of the Shoals
 46655 | Shoals:4 | Found Ohowkec's CLEARANCE SALE!.
 46808 | Shoals:4 | Reached XP level 18. HP: 146/146 MP: 9/39
 47044 | Shoals:4 | Found Motauj's Armour Shop.
 47179 | Shoals:4 | Reached skill level 5 in Air Magic
 47226 | Shoals:4 | Identified the +4 hand axe of the Exiled Knives {vorpal,
                  | rPois rF+ rC-}
 47830 | Shoals:4 | Bought a scroll of fog for 20 gold pieces
 47970 | Shoals:4 | Identified the +5 leather armour of Plasticity {rF+ Str+2
                  | Int-2 Stlth+}
 48138 | Shoals:4 | Got a barnacled rune of Zot
 48213 | Shoals:4 | Identified the +6 scale mail of Qaraoc {rPois}
 48648 | Vaults:1 | Entered Level 1 of the Vaults
 49507 | Elf:3    | Found Qudief's Antique Weapon Shop.
 49514 | Elf:3    | Bought a transparent quarterstaff for 252 gold pieces
 49514 | Elf:3    | Identified the +6 quarterstaff of Dithmenos's Generosity
                  | {vorpal, Str+5} (You bought it in a shop on level 3 of the
                  | Elven Halls)
 49750 | Elf:3    | Identified the +4 broad axe "Syuss" {drain, rPois Str+2
                  | Dex+4}
 49751 | Elf:3    | Identified the +4 morningstar "Giluv" {pain, rF+ rC+}
 50122 | Abyss:2  | Cast into level 2 of the Abyss (a deep elf demonologist)
 50427 | Abyss:2  | Reached skill level 1 in Polearms
 50479 | Abyss:2  | Noticed a bone dragon
 50649 | Abyss:2  | Gained mutation: You are extremely frail. (-30% HP) [a
                  | neqoxec]
 50889 | Elf:3    | Escaped the Abyss
 51149 | Elf:3    | Identified the ring "Rafoyda" {rElec SInv}
 51315 | Elf:3    | Identified the +1 leather armour of the Sun {Int+5}
 51350 | Elf:3    | Identified the +7 falchion of Judgement {venom, rC++ rCorr
                  | SInv Stlth+}
 51357 | Elf:3    | Identified the amulet of the Five Heavens {Faith rC- rN+
                  | MP+9 Int+2}
 51366 | Elf:3    | Got Zafekheh's Handbook of Toxic Spellbinding
 51380 | Elf:3    | Identified the ring "Gaomoced" {Fly rElec rPois rC- Str-2}
 53215 | Spider:4 | Reached XP level 19. HP: 138/138 MP: 19/40
 53460 | Spider:4 | Got a gossamer rune of Zot
 53975 | Depths:1 | Found a one-way gateway to a ziggurat.
 54104 | Depths:1 | Reached skill level 10 in Air Magic
 54187 | D:15     | Learned a level 5 spell: Irradiate
 54384 | Depths:1 | Found a gateway to Hell.
 54573 | Depths:1 | Noticed Sojobo
 54583 | Depths:1 | HP: 5/138 [Sojobo/+1 great sword of electrocution (23)]
 54584 | Depths:1 | Annihilated by Sojobo

Illustrated notes

Levels and vault maps discovered:
D:1:      scummos_arrival_hexagon, layout_basic, minmay_worlds_worst_comb
D:2:      layout_basic
D:3:      layout_loops_ring, grunt_temple_overflow_growth_and_decay,
          lemuel_tele_altar, nicolae_sif_muna_condensation,
          nicolae_gozag_conspicuous_consumption
D:4:      layout_loops_cross, nemelex_spade_bored_becter, xom_teletrap_fun,
          mainiacjoe_overflow_chevrons, kennysheep_mini_moat,
          gammafunk_temple_overflow_statue, enter_ossuary_3,
          nicolae_take_the_stairs
D:5:      layout_loops_ring, nicolae_overflow_crystal_walls,
          minmay_temple_entry_proselytizer, ebering_ghost_inner_flame,
          uniq_crazy_yiuf_cottage, uniq_menkaure
D:6:      layout_rooms, elyvilon_altar_4, hangedman_feature_mirror,
          kennysheep_small_circle
D:7:      layout_rooms
D:8:      layout_rooms
D:9:      layout_small_grid, tso_oasis_becter, old_standard_altar,
          erik_lair_orcish_takeover, special_room [special_room_orc], uniq_grum
D:10:     layout_roguey, marbit_many_paths, nicolae_zen_rock_garden
D:11:     layout_long_grid, erik_orc_2, minmay_misc_feat_pillars,
          minmay_shattered_shrine
D:12:     minmay_mutant_horseshoe, layout_cave_pools
D:13:     layout_loops_ring, lightli_vaults_fourway_checkpoint, enter_trove_2
D:14:     layout_basic, nicolae_cairo_tiling_very_big, st_stairs_1, hex_tiny
D:15:     hangedman_depths_entry_civil_slaughter, layout_cave_pools,
          dreamdust_princess_bridge, gauntlet_entry_generic, uniq_louise,
          uniq_josephine
Lair:1:   hellmonk_ruined_rings, layout_regular_city
Lair:2:   layout_small_grid, nicolae_volcano_entry_two_sided, minmay_holes
Lair:3:   cheibrodos_lair_overgrown_chateau, layout_chaotic_city,
          minmay_shoals_entry_lonely_mermaid, nicolae_spider_entry_tight_spaces
Lair:4:   layout_roguey, chequers_serial_rivers_small_b, patterned_corridor,
          uniq_rupert, uniq_nessos
Lair:5:   hangedman_lair_in_review, layout_cave_pods,
          nicolae_slime_entry_slimehenge
Shoals:1: layout_shoals, nicolae_shoals_aquamancer_cove, uniq_aizul,
          uniq_frances
Shoals:2: layout_shoals, nicolae_shoals_wave_tunnel
Shoals:3: nzn_motion_control, layout_shoals, serial_shops, shop
Shoals:4: shoals_end_grunt_garden, layout_shoals, serial_shops,
          nicolae_shop_trees, nicolae_shop_clearance
Spider:1: layout_chambers, guppyfry_spider_mini_3,
          hangedman_spider_tarantella_strand
Spider:2: layout_spider_delve
Spider:3: layout_spider_delve
Spider:4: spider_rune_water, portal_ice_cave_entry_pillars_four
Orc:1:    layout_caves, basic_altar, uniq_erica
Orc:2:    kennysheep_orc_mage_school, layout_caves, serial_shops, shop,
          roderic_batcave
Elf:1:    elf_arrival_002, layout_geoelf_octagon, minivault_28,
          kennysheep_underground_church
Elf:2:    nicolae_elf_blades_splatter_lattice [nicolae_blade_lattice],
          layout_geoelf_octagon, serial_shops, nicolae_lakefront_shop
Elf:3:    elf_hall_gauntlet_narrow, layout_geoelf_octagon, serial_shops,
          nicolae_shop_overgrown_old_shop, lemuel_flamethrower_hall
Vaults:1: ontoclasm_vaults_pinch, hangedman_vaults_corner, door_vault,
          vaults_room_hallway, vaults_room_semicircle, grunt_vaults_bifocal,
          vaults_mumra_chevron_long, hangedman_vaults_corner_blocks,
          hangedman_vaults_impose, vaults_room_boxed, ontoclasm_vaults_spin,
          hangedman_vaults_hat, vaults_dpeg_ring, hangedman_vaults_locks,
          v_misc_27, hangedman_vaults_stretched_pinwheel, layout_vaults_omnibox
Depths:1: layout_cave_shapes, enter_ziggurat_f, amcnicky_mini_pool_small,
          gammafunk_ghost_necromancy, grunt_hell_entry_dis_grunt,
          chequers_serial_rivers_micro_b, infiniplex_staircase_pool_lava,
          uniq_sojobo

Skill      XL: |  1  2  3  4  5  6  7  8  9 10 11 12 13 14 15 16 17 18 19 |
---------------+----------------------------------------------------------+-----
Translocations | 1 2 3 4 |  4.1
Spellcasting   | 2 3 4 5 6 7 8 10 11 12 | 12.2
Conjurations   | 4 5 6 7 8 10 11 13 14 15 16 17 | 17.0
Fire Magic     | 1 3 4 5 7 8 10 12 13 16 19 | 19.2
Fighting       | 2 4 5 6 7 8 9 |  9.8
Dodging        | 4 5 6 |  6.4
Staves         | 2 5 7 8 |  8.0
Evocations     | 2 5 7 |  7.3
Air Magic      | 4 9 10 | 10.4
Polearms       | 2 |  2.0
Stealth        | 3 |  3.2
Shields        | |  0.1

Action                   |  1- 3 |  4- 6 |  7- 9 | 10-12 | 13-15 | 16-18 | 19-21 || total
-------------------------+-------+-------+-------+-------+-------+-------+-------++-------
Melee: Unarmed           |    50 |       |       |       |       |       |       ||    50
       Staff             |       |     2 |    41 |    17 |   241 |   173 |     6 ||   480
       Punch             |       |       |       |       |     2 |     1 |       ||     3
       Quarterstaff      |       |       |       |       |       |    67 |     3 ||    70
 Cast: Magic Dart        |   101 |    78 |     5 |       |       |       |       ||   184
       Foxfire           |       |    13 |    25 |       |       |     2 |       ||    40
       Searing Ray       |       |    30 |    10 |       |       |       |       ||    40
       Iskenderun's Myst |       |       |    62 |    81 |    62 |   115 |    20 ||   340
       Fireball          |       |       |     3 |    85 |    61 |   129 |     2 ||   280
       Starburst         |       |       |       |       |   266 |   344 |    26 ||   636
       Ignition          |       |       |       |       |       |     7 |     5 ||    12
       Irradiate         |       |       |       |       |       |       |     7 ||     7
Evoke: Wand              |       |       |       |       |     1 |       |       ||     1
       Box of beasts     |       |       |       |       |       |       |     1 ||     1
  Use: Scroll            |     4 |     9 |     5 |     5 |    13 |    14 |     3 ||    53
       Potion            |       |     5 |     1 |     5 |     2 |    28 |     2 ||    43
Armor: Robe              |    18 |     5 |    32 |       |       |       |       ||    55
       Leather armour    |       |       |       |    22 |       |       |       ||    22
       Steam dragon scal |       |       |       |     8 |   202 |   270 |    15 ||   495
Dodge: Dodged            |    69 |    15 |    90 |    40 |   321 |   377 |    20 ||   932
Block: Other             |       |       |       |    12 |   125 |    25 |       ||   162
       Reflection        |       |       |       |     2 |     9 |    20 |       ||    31
       Buckler           |       |       |       |       |    13 |     1 |       ||    14
       Kite shield       |       |       |       |       |       |   228 |       ||   228

Table legend: (Time is in decaauts)
 A = Elapsed time spent in this place.
 B = Non-inter-level travel time spent in this place.
 C = Inter-level travel time spent in this place.
 D = Time resting spent in this place.
 E = Time spent auto-exploring this place.
 F = Levels seen in this place.
 G = Mean time per level.
                   A        B        C        D        E       F      G
               +--------+--------+--------+--------+--------+-----+--------+
         Total |  54891 |  49301 |   5590 |  18382 |  22116 |  40 | 1372.3 |
       Dungeon |  19792 |  17601 |   2191 |   5279 |   9670 |  15 | 1319.5 |
          Lair |   9082 |   7937 |   1145 |   2969 |   3905 |   5 | 1816.4 |
        Shoals |   4377 |   4178 |    199 |   1514 |   1769 |   4 | 1094.2 |
   Spider Nest |   8717 |   7943 |    774 |   4303 |   2409 |   4 | 2179.2 |
  Orcish Mines |   3236 |   2442 |    794 |    702 |   1175 |   2 | 1618.0 |
   Elven Halls |   5515 |   5031 |    484 |   2334 |   1778 |   3 | 1838.3 |
        Vaults |      1 |      0 |      1 |      0 |      0 |   1 |    1.0 |
        Depths |    685 |    685 |      0 |    357 |    158 |   1 |  685.0 |
         Abyss |    731 |    731 |      0 |     64 |    200 |   2 |  365.5 |
       Ossuary |   1048 |   1048 |      0 |    137 |    746 |   1 | 1048.0 |
       Volcano |   1246 |   1246 |      0 |    669 |    143 |   1 | 1246.0 |
      Gauntlet |    454 |    454 |      0 |     54 |    162 |   1 |  454.0 |
               +--------+--------+--------+--------+--------+-----+--------+

Top non-repeatable levels by time:
Spider:3: 2928 daAuts
  Lair:3: 2667 daAuts
Spider:1: 2519 daAuts
   Orc:2: 2492 daAuts
    D:11: 2399 daAuts
  Lair:5: 2364 daAuts
   Elf:1: 2211 daAuts
   Elf:3: 2077 daAuts
Spider:2: 1983 daAuts
    D:14: 1857 daAuts
    D:10: 1775 daAuts
Shoals:3: 1685 daAuts
    D:12: 1570 daAuts
     D:9: 1502 daAuts
Shoals:4: 1453 daAuts
